 Dungeon Crawl Stone Soup version bcrawl-1.12-5-g74a5124548 (webtiles) character file.

Game seed: 4067981960056173536

10828 Arkanax the Fighter (level 11, 0/111 HPs)
             Began as a Hill Orc Archaeologist on June 1, 2019.
             Was a Believer of Uskayaw.
             Slain by a nine-headed hydra (4 damage)
             ... on level 10 of the Dungeon.
             The game lasted 00:18:32 (7822 turns).

Arkanax the Fighter (Hill Orc Archaeologist)        Turns: 7822, Time: 00:18:33

Health: 0/111      AC:  5    Str: 18    XL:     11   Next: 68%
Magic:  3/11       EV:  9    Int: 14    God:    Uskayaw [**....]
Gold:   268        SH:  7    Dex:  9    Spells: 10/10 levels left

rFire    . . .     SeeInvis .   f - +8 demon blade "Leech" {vamp, rN+ AC-3 EV-3}
rCold    . . .     Gourm    .   A - +0 buckler
rNeg     + . .     Faith    .   a - +1 robe
rPois    .         Spirit   .   v - +1 hat
rElec    .         Reflect  .   (no cloak)
rCorr    .         Harm     .   d - +1 pair of gloves
MR       .....                  J - +1 pair of boots {run}
Stlth    ++........             p - amulet of regeneration
HPRegen  0.68/turn              (no ring)
MPRegen  0.12/turn              (no ring)

@: quick
A: no striking features
a: Stomp, Line Pass, Renounce Religion


You were on level 10 of the Dungeon.
You worshipped Uskayaw.
Uskayaw was noncommittal.
You were not hungry.

You visited 2 branches of the dungeon, and saw 11 of its levels.

You collected 779 gold pieces.
You spent 511 gold pieces at shops.

Inventory:

Hand Weapons
 f - the +8 demon blade "Leech" (weapon) {vamp, rN+ AC-3 EV-3}

   It inflicts no extra harm, but heals its wielder when it wounds a living foe.
   It affects your AC (-3).
   It affects your evasion (-3).
   It protects you from negative energy.
 x - a +0 spear
 I - the +7 spear of the Viper {venom, Dex+2, unknown}
   (You found it on level 5 of the Dungeon)

   It poisons the flesh of those it strikes.
   It affects your dexterity (+2).
 L - a +0 whip of electrocution
Armour
 a - a +1 robe (worn)
 b - a +1 hat
 c - a +1 pair of boots
 d - a +1 pair of gloves (worn)
 r - a +0 cloak
 v - a +1 hat (worn)
 z - a +0 cloak
 A - a +0 buckler (worn)
 J - a +1 pair of boots of running (worn)
 K - a +2 robe of the Archmagi
 R - a +2 robe of cold resistance
Jewellery
 p - an amulet of regeneration (around neck)
 q - an uncursed amulet of guardian spirit
 O - a +2 ring of dexterity {unknown}
 U - an uncursed ring of ice
Wands
 t - a wand of flame (13)
 u - a wand of polymorph (9)
 C - a wand of digging (7)
 D - a wand of paralysis (13)
 H - a wand of random effects (7)
 P - a wand of acid (12)
 T - a wand of iceblast (8)
Scrolls
 h - 3 scrolls of blinking {unknown}
 i - 7 scrolls of teleportation
 j - 4 scrolls of amnesia {unknown}
 m - 3 scrolls of immolation {unknown}
 n - 3 scrolls of magic mapping {unknown}
 o - 2 scrolls of enchant armour {unknown}
 s - 2 scrolls of enchant weapon {unknown}
 y - 3 scrolls of remove curse
 E - a scroll of vulnerability {unknown}
 G - 2 scrolls of noise {unknown}
 M - a scroll of silence {unknown}
 N - 2 scrolls of identify
 V - a scroll of fear {unknown}
Potions
 e - a potion of brilliance {unknown}
 k - a potion of degeneration
 l - 2 potions of magic {unknown}
 w - a potion of mutation
 B - 2 potions of curing
 F - 4 potions of flight
 Q - a potion of invisibility
Comestibles
 g - 13 rations {!d}
 W - 3 chunks of flesh


   Skills:
 + Level 14.7 Fighting
   Level 14.7 Short Blades
   Level 14.7 Long Blades
   Level 14.7 Axes
   Level 14.7 Maces & Flails
   Level 14.7 Polearms
   Level 14.7 Staves
 - Level 2.4 Dodging
 - Level 2.6 Stealth
 - Level 4.0 Shields
   Level 14.7 Unarmed Combat


You had 10 spell levels left.
You didn't know any spells.
Your spell library contained the following spells:

 Spells                   Type           Power        Failure   Level  Hunger
 Confuse                  Hex            #.......     65%         3    ####...
 Dazzling Spray           Conj/Hex       #.....       65%         3    ####...
 Petrify                  Tmut/Erth      #.......     96%         4    #####..
 Yara's Violent Unravell  Hex/Tmut       #.........   96%         4    #####..
 Metabolic Englaciation   Hex/Ice        #.........   100%        5    ######.


Dungeon Overview and Level Annotations

Branches:
Dungeon (10/12)            Temple (1/1) D:5            Lair (0/6) D:7
    Orc (0/1) D:9

Altars:
Ashenzari
Cheibriados
Dithmenos
Elyvilon
Fedhas
Gozag
Hepliaklqana
Kikubaaqudgha
Lugonu
Makhleb
Nemelex Xobeh
Okawaru
Qazlal
Ru
Sif Muna
Trog
Uskayaw
Vehumet
Wu Jian
Xom
Yredelemnul
Zin
The Shining One

Shops:
D:7 (   D:8 }   D:9 ([

Annotations:
D:10 2 runed doors


Message History

* * * LOW HITPOINT WARNING * * *
You block the eight-headed hydra's attack. x2
You slice the gnoll!!
You feel better.
You kill the gnoll!
You feel much better.
The gnoll sergeant hits you from afar with a +4 antimagic spear!
* * * LOW HITPOINT WARNING * * *
You feel your power leaking away.
You lop one of the eight-headed hydra's heads off!
The seven-headed hydra grows two more!
You slash the nine-headed hydra!
You feel better.
The nine-headed hydra is lightly wounded.
The nine-headed hydra bites you!
* * * LOW HITPOINT WARNING * * *
The nine-headed hydra bites you!
* * * LOW HITPOINT WARNING * * *
The nine-headed hydra bites you!
* * * LOW HITPOINT WARNING * * *
The nine-headed hydra bites you.
You die...

#.....#.....#
#.....#.....#
#.....'.....#
#######.....# ##
..........)###.
............... #
...........(...
#.##############.......
+.>..D@........#.......
#..)g##)##.....####....
........#...#......(.#....
.....!..#...#........##+##
........#...#.............
........#####.............
......... ...............
##..##### #......(........
### #......####+####


You could see a nine-headed hydra and a gnoll sergeant.

Vanquished Creatures
  Fannar (D:10)
  3 two-headed ogres
  Pikel (D:7)
  A cyclops (D:10)
  A deep elf mage (D:8)
  An ugly thing (D:8)
  Maurice (D:9)
  A kobold demonologist (D:6)
  Prince Ribbit (D:7)
  A hornet (D:6)
  A hippogriff (D:9)
  3 humans (D:9)
  4 hogs (D:9)
  A hungry ghost (D:7)
  Menkaure (D:6)
  A black bear (D:6)
  3 phantoms
  An ice beast (D:4)
  6 orc warriors
  A slave (D:7)
  3 sky beasts
  3 ogres
  2 centaurs (D:7)
  A big kobold (D:8)
  4 bullfrogs
  3 scorpions
  A hornet simulacrum (D:10)
  3 killer bees (D:7)
  9 wights
  3 bullfrog zombies
  A centaur zombie (D:9)
  5 crimson imps
  A jelly (D:7)
  Crazy Yiuf (D:2)
  4 orc priests
  9 hounds
  An iguana (D:6)
  10 orc wizards
  3 worker ants
  A hound zombie (D:4)
  A hound skeleton (D:5)
  10 gnolls
  A howler monkey skeleton (D:4)
  7 adders
  2 shadow imps
  2 oozes
  An adder zombie (D:8)
  2 adder skeletons
  3 worms
  3 dart slugs
  3 leopard geckos
  24 orcs
  4 bats (D:1)
  2 giant cockroaches (D:1)
  3 goblins
  4 hobgoblins
  17 kobolds
  7 quokkas
  2 ball pythons (D:2)
  5 frilled lizards
  6 rats
211 creatures vanquished.

Vanquished Creatures (others)
  2 slaves (D:7)
  A wyvern skeleton (D:7)
3 creatures vanquished.

Grand Total: 214 creatures vanquished

Notes
Turn   | Place    | Note
-------+----------+-------------------------------------------
     0 | D:1      | Arkanax the Hill Orc Archaeologist began the quest for the
                  | Orb.
     0 | D:1      | Reached XP level 1. HP: 15/15 MP: 1/1
    54 | D:1      | Reached skill level 1 in Fighting
   393 | D:1      | Reached XP level 2. HP: 20/23 MP: 2/2
   543 | D:1      | Reached skill level 2 in Fighting
   711 | D:2      | Found a faded altar of an unknown god.
   765 | D:2      | Found a shattered altar of Ashenzari.
   782 | D:2      | Reached XP level 3. HP: 29/29 MP: 3/3
   865 | D:2      | Reached skill level 3 in Fighting
   900 | D:2      | Found a burning altar of Makhleb.
   938 | D:2      | Reached XP level 4. HP: 30/40 MP: 4/4
  1027 | D:2      | Found a runed door.
  1094 | D:2      | Reached skill level 4 in Fighting
  1556 | D:2      | Noticed Crazy Yiuf
  1567 | D:2      | Killed Crazy Yiuf
  1567 | D:2      | Reached XP level 5. HP: 47/47 MP: 5/5
  1639 | D:3      | Reached skill level 5 in Fighting
  2148 | D:3      | Reached skill level 6 in Fighting
  2245 | D:3      | Reached XP level 6. HP: 51/58 MP: 6/6
  2421 | D:3      | Reached skill level 1 in Shields
  2757 | D:4      | Found a shadowy altar of Dithmenos.
  2763 | D:4      | Reached skill level 7 in Fighting
  2870 | D:4      | Reached XP level 7. HP: 66/66 MP: 7/7
  3108 | D:4      | Reached skill level 8 in Fighting
  3364 | D:5      | Entered Level 5 of the Dungeon
  3476 | D:5      | Found a bloodstained altar of Trog.
  3503 | D:5      | Found a staircase to the Ecumenical Temple.
  3509 | D:5      | Reached XP level 8. HP: 70/74 MP: 8/8
  3514 | Temple   | Entered the Ecumenical Temple
  3587 | Temple   | Became a worshipper of Uskayaw the Reveler
  3777 | D:5      | Got an encrusted spear
  3869 | D:5      | Reached * piety under Uskayaw
  4287 | D:6      | Reached ** piety under Uskayaw
  4321 | D:6      | Reached *** piety under Uskayaw
  4331 | D:6      | Noticed Menkaure
  4336 | D:6      | Killed Menkaure
  4351 | D:6      | Found an ancient bone altar of Kikubaaqudgha.
  4454 | D:6      | Reached skill level 9 in Fighting
  4625 | D:6      | Reached **** piety under Uskayaw
  4779 | D:6      | Found a hazy altar of Hepliaklqana.
  5030 | D:6      | Reached XP level 9. HP: 61/85 MP: 9/9
  5181 | D:6      | Noticed a hornet
  5182 | D:6      | Reached skill level 10 in Fighting
  5188 | D:6      | Killed a hornet
  5198 | D:6      | Noticed a kobold demonologist
  5203 | D:6      | Killed a kobold demonologist
  5356 | D:7      | Reached skill level 11 in Fighting
  5369 | D:7      | Found a glowing golden altar of the Shining One.
  5421 | D:7      | Found a white marble altar of Elyvilon.
  5429 | D:7      | Noticed Pikel
  5448 | D:7      | Killed Pikel
  5578 | D:7      | Noticed Prince Ribbit
  5585 | D:7      | Killed Prince Ribbit
  5585 | D:7      | Reached XP level 10. HP: 78/97 MP: 10/10
  5596 | D:7      | Reached ***** piety under Uskayaw
  5671 | D:7      | Found Destriav's Weapon Boutique.
  5807 | D:7      | Noticed a two-headed ogre
  5815 | D:7      | Killed a two-headed ogre
  5815 | D:7      | Reached skill level 12 in Fighting
  5914 | D:7      | Found a staircase to the Lair.
  6027 | D:8      | Noticed a deep elf mage
  6037 | D:8      | Killed a deep elf mage
  6162 | D:8      | Noticed a green ugly thing
  6170 | D:8      | Killed a green ugly thing
  6243 | D:8      | Reached skill level 13 in Fighting
  6379 | D:8      | Found Vusoopne's Gadget Shop.
  6555 | D:8      | Noticed a two-headed ogre
  6565 | D:8      | Killed a two-headed ogre
  6738 | D:9      | Noticed Maurice
  6752 | D:9      | Killed Maurice
  6752 | D:9      | Reached XP level 11. HP: 107/107 MP: 11/11
  6830 | D:9      | Found Ynimom's Weapon Boutique.
  6830 | D:9      | Noticed a two-headed ogre
  6832 | D:9      | Found a staircase to the Orcish Mines.
  6847 | D:9      | Found Tuthat's Armour Boutique.
  6853 | D:9      | Killed a two-headed ogre
  6874 | D:9      | Bought a +1 pair of boots of running for 511 gold pieces
  6948 | D:9      | Found an iron altar of Okawaru.
  6955 | D:9      | Reached skill level 14 in Fighting
  7444 | D:10     | Entered Level 10 of the Dungeon
  7482 | D:10     | Noticed a cyclops
  7492 | D:10     | Killed a cyclops
  7492 | D:10     | Noticed Fannar
  7500 | D:10     | Killed Fannar
  7719 | D:10     | Found a large runed door.
  7721 | D:10     | Found a large runed door.
  7798 | D:10     | Noticed a six-headed hydra
  7822 | D:10     | HP: 4/111 [nine-headed hydra (7)]
  7822 | D:10     | Slain by a nine-headed hydra

Skill      XL: |  1  2  3  4  5  6  7  8  9 10 11 |
---------------+----------------------------------+-----
Fighting       | 1 2 3 4 6 7 8 9 11 13 14 | 14.7
Shields        | 1 2 4 |  4.0
Short Blades   | | 14.7
Long Blades    | | 14.7
Axes           | | 14.7
Maces & Flails | | 14.7
Polearms       | | 14.7
Staves         | | 14.7
Dodging        | |  2.4
Stealth        | |  2.6
Unarmed Combat | | 14.7

Action                   |  1- 3 |  4- 6 |  7- 9 | 10-12 || total
-------------------------+-------+-------+-------+-------++-------
Melee: Unarmed           |    29 |       |       |       ||    29
       Dagger            |   134 |    31 |       |       ||   165
       Punch             |     3 |       |       |       ||     3
       Spear             |       |   219 |       |       ||   219
       Demon blade       |       |    42 |   183 |   249 ||   474
  Use: Scroll            |       |     6 |       |     5 ||    11
       Potion            |       |       |       |     4 ||     4
 Stab: Sleeping          |     6 |     9 |     1 |     1 ||    17
       Paralysed         |       |       |     8 |    15 ||    23
  Eat: Chunk             |       |     2 |     5 |     7 ||    14
       Ration            |       |     3 |     1 |       ||     4
Armor: Robe              |    45 |    57 |    20 |    22 ||   144
Dodge: Dodged            |    98 |    91 |    54 |    58 ||   301
Block: Buckler           |       |    13 |    37 |    63 ||   113
